 Dungeon Crawl Stone Soup version 0.22.0 (webtiles) character file.

20 Blackhawk the Chopper (level 2, 10/27 HPs)
             Began as a Deep Dwarf Berserker on Oct 21, 2018.
             Was a Follower of Trog.
             Got out of the dungeon alive.
             The game lasted 00:03:15 (675 turns).

Blackhawk the Chopper (Deep Dwarf Berserker)         Turns: 675, Time: 00:03:15

Health: 10/27      AC:  3    Str: 20    XL:     2   Next: 58%
Magic:  2/2        EV: 12    Int:  7    God:    Trog [*.....]
Gold:   14         SH:  0    Dex: 12    Spells: 1/1 levels left

rFire    . . .     SeeInvis .   a - +0 hand axe
rCold    . . .     Gourm    .   (no shield)
rNeg     . . .     Faith    .   b - +0 animal skin
rPois    .         Spirit   .   (no helmet)
rElec    .         Reflect  .   (no cloak)
rCorr    .         Harm     .   (no gloves)
MR       .....                  d - +0 pair of boots
Stlth    +.........             (no amulet)
HPRegen  0.00/turn              (no ring)
MPRegen  0.08/turn              (no ring)

@: non-regenerating
A: damage resistance, heal wounds, sense surroundings 1, no regeneration
a: Heal Wounds, Berserk, Renounce Religion


You escaped.
You worshipped Trog.
Trog was aware of your devotion.
You were not hungry.

You visited 1 branch of the dungeon, and saw 1 of its levels.

You collected 14 gold pieces.

Inventory:

Hand Weapons
 a - a +0 hand axe (weapon)
Armour
 b - a +0 animal skin (worn)
 d - a +0 pair of boots (worn)
Jewellery
 f - an uncursed ring of protection from cold {unknown}
Scrolls
 g - 2 scrolls of identify {unknown}
 j - a scroll of teleportation {unknown}
 k - 2 scrolls of remove curse {unknown}
 l - a scroll of enchant armour {unknown}
Comestibles
 c - 5 rations


   Skills:
 + Level 2.9 Fighting
 + Level 3.6 Axes
 + Level 2.6 Armour
 + Level 2.5 Dodging


You had one spell level left.
You didn't know any spells.
Your spell library was empty.

Dungeon Overview and Level Annotations

Branches:
Dungeon (1/15)

Altars:


Innate Abilities, Weirdness & Mutations

You are resistant to damage.
You can heal yourself by infusing magical energy.
You passively map a small area around you.
You do not regenerate.


Message History

Uppercase [Y]es or [N]o only, please.
Are you sure you want to leave the Dungeon?
This will make you lose the game!
Alright, then stay!
Unknown command.
Are you sure you want to leave the Dungeon?
This will make you lose the game!
Uppercase [Y]es or [N]o only, please.
Are you sure you want to leave the Dungeon?
This will make you lose the game!
Uppercase [Y]es or [N]o only, please.
Are you sure you want to leave the Dungeon?
This will make you lose the game!
Uppercase [Y]es or [N]o only, please.
Are you sure you want to leave the Dungeon?
This will make you lose the game!
Uppercase [Y]es or [N]o only, please.
Are you sure you want to leave the Dungeon?
This will make you lose the game!
Uppercase [Y]es or [N]o only, please.
Are you sure you want to leave the Dungeon?
This will make you lose the game!
Uppercase [Y]es or [N]o only, please.
Are you sure you want to leave the Dungeon?
This will make you lose the game!
Uppercase [Y]es or [N]o only, please.
Are you sure you want to leave the Dungeon?
This will make you lose the game!
You have escaped!

#≈..8..........8..≈##
> , ,
#≈.##############.≈##
#≈8#.#.§≈.#≈≈≈≈≈#8≈##
,
#≈.#.#§≈≈.#≈...≈#.≈##
** ,
#≈.#.#§≈≈.#≈.#.≈#.≈##
, ,,,
#≈.#.#.≈≈.#≈.#.≈#8≈##
,
,#≈.#.#.≈≈.#≈.#.≈#.≈..
,,
#≈.#.'....'..#..'....
#≈.#@'....'..#..'....
*
#≈.#.#.≈≈.#≈.#.≈#.≈..
#≈.#.#.≈≈.#≈.#.≈#8≈.#
,
#≈.#.#.≈≈§#≈.#.≈#.≈.#
,,
,#≈.#.#.§§.#≈...≈#.≈.#
*
#≈8#.#.§§§#≈≈≈≈≈#8≈.#
#≈.##############.≈.#
#≈..8..........8..≈.#
#≈≈≈≈≈≈≈≈≈≈≈≈≈≈≈≈≈≈.#


There were no monsters in sight!

Vanquished Creatures
  A dart slug (D:1)
  2 bats (D:1)
  A giant cockroach (D:1)
  3 goblins (D:1)
  3 hobgoblins (D:1)
  3 frilled lizards (D:1)
  A kobold (D:1)
  4 rats (D:1)
18 creatures vanquished.

Vanquished Creatures (others)
  A bat (D:1)
1 creature vanquished.

Grand Total: 19 creatures vanquished

Notes
Turn   | Place    | Note
-------+----------+-------------------------------------------
     0 | D:1      | Blackhawk the Deep Dwarf Berserker began the quest for the Orb.
     0 | D:1      | Reached XP level 1. HP: 20/20 MP: 1/1
   265 | D:1      | Reached XP level 2. HP: 22/27 MP: 2/2
   675 | D:$      | Got out of the dungeon alive.

Action                   || total
-------------------------++-------
Melee: Hand axe          ||    51
  Use: Potion            ||     2
 Stab: Sleeping          ||     1
Armor: Animal skin       ||    11
Dodge: Dodged            ||    37
